 Dungeon Crawl Stone Soup version 0.16-a0-3389-g45633df (console) character file.

3319 hellfiend the Vexing (level 9, 0/57 HPs)
             Began as a Demonspawn Enchanter on Dec 30, 2014.
             Was a Believer of Okawaru.
             Slain by a killer bee (6 damage)
             ... on level 9 of the Dungeon.
             The game lasted 00:35:26 (7634 turns).

hellfiend the Vexing (Demonspawn Enchanter)         Turns: 7634, Time: 00:35:27

Health: 0/57       AC:  4    Str:  8    XL:     9   Next: 71%
Magic:  2/20       EV: 14    Int: 19    God:    Okawaru [**....]
Gold:   432        SH:  0    Dex: 15    Spells: 4 memorised, 9 levels left

rFire  + . .     SeeInvis .     a - +0 dagger (flame)
rCold  . . .     Clarity  .     o - +2 robe
rNeg   . . .     SustAb   +     (no shield)
rPois  .         Gourm    .     (helmet restricted)
rElec  .         Spirit   .     (no cloak)
rCorr  .         Warding  .     (no gloves)
rMut   .         Stasis   .     (no boots)
MR     .....                    (no amulet)
Stlth  +++++++...               A - ring of stealth
                                h - ring of sustain abilities

@: very slightly contaminated, not resistant to hostile enchantments, extremely
stealthy
A: antennae 1, claws 2, fire resistance 1, nightstalker 2
a: Heroism, Renounce Religion


You were on level 9 of the Dungeon.
You worshipped Okawaru.
Okawaru was pleased with you.
You were hungry.

You visited 2 branches of the dungeon, and saw 10 of its levels.

You collected 432 gold pieces.

Inventory:

Hand weapons
 a - a +0 dagger of flaming (weapon)
 b - a +0 blowgun
 e - a +1 dagger
 u - a +0 hunting sling
Missiles
 i - 14 sling bullets of frost
 m - 17 exploding sling bullets
 p - 57 poisoned needles
 H - 7 needles of slowing
Armour
 o - a +2 robe (worn)
Jewellery
 h - a ring of sustain abilities (left claw)
 A - a ring of stealth (right claw)
 B - an uncursed ring of ice
 I - an uncursed ring of fire
Magical devices
 t - a wand of confusion (0)
 v - a wand of confusion (30)
Scrolls
 g - 2 scrolls of immolation
 l - 3 scrolls of magic mapping
 n - a scroll of teleportation
 q - 2 scrolls of remove curse
 s - 2 scrolls of recharging
 w - a scroll of blinking {unknown}
 y - a scroll of fear
 F - 2 scrolls of identify
Potions
 r - 2 potions of brilliance
 x - 3 potions of mutation
 C - a potion of might {unknown}
 E - a potion of flight {unknown}
 J - a potion of lignification {unknown}
Books
 c - a book of Maledictions

   Spells                             Type                      Level
   a - Corona                         Hexes                        1
   b - Sure Blade                     Hexes/Charms                 2
   c - Ensorcelled Hibernation        Hexes/Ice                    2
   d - Confuse                        Hexes                        3
   e - Dazzling Spray                 Conjuration/Hexes            3
   f - Enslavement                    Hexes                        4
Comestibles
 d - 5 bread rations
 f - 2 meat rations
 j - 2 slices of pizza
 k - 2 fruits
 z - a beef jerky
 D - a chunk of flesh


   Skills:
 * Level 6.3 Short Blades
 + Level 4.4 Dodging
 * Level 7.4 Stealth
 + Level 4.8 Spellcasting
 * Level 7.7 Hexes


You had 9 spell levels left.
You knew the following spells:

 Your Spells              Type           Power        Failure   Level  Hunger
a - Corona                Hex            ####...      1%          1    None
b - Ensorcelled Hibernat  Hex/Ice        ###...       4%          2    #......
c - Confuse               Hex            ####....     1%          3    ##.....
x - Sure Blade            Hex/Chrm       ###.......   4%          2    #......


Dungeon Overview and Level Annotations

Branches:
Dungeon (9/15)             Temple (1/1) D:6            Lair (0/8) D:8
    Orc: D:9-12

Altars:
Cheibriados
Dithmenos
Elyvilon
Fedhas
Gozag
Makhleb
Nemelex Xobeh
Okawaru
Qazlal
Ru
Sif Muna
Trog
Vehumet
Xom
Yredelemnul
Zin
The Shining One

Annotations:
D:8 exclusion: door


Innate Abilities, Weirdness & Mutations

You have a pair of small antennae on your head.
You have very sharp fingernails.
Your flesh is heat resistant.
You are significantly more attuned to the shadows.


Message History

You kill the killer bee!
Okawaru accepts your kill.
You miss the killer bee. The killer bee barely misses you.
Casting: Ensorcelled Hibernation
Confirm with . or Enter, or press ? or * to list all spells.
Aiming: Ensorcelled Hibernation
Press: ? - help, Shift-Dir - straight line, f - killer bee
Aim: a killer bee (chance 59%)
The killer bee resists with significant effort.
The killer bee misses you. x2
Casting: Ensorcelled Hibernation
Confirm with . or Enter, or press ? or * to list all spells.
Aiming: Ensorcelled Hibernation
Press: ? - help, Shift-Dir - straight line, f/p - killer bee
Aim: a killer bee (chance 59%)
The killer bee resists with significant effort.
The killer bee stings you but does no damage.
The killer bee barely misses you. The killer bee stings you.
You die...

#.....).............
#...................
#...................
###########'#######
#....#....#
#....#....#
#....'....#
#..<.#....#
#####@#######
.......y#
.......†...#
.......#...#
#######...# .. .


You could see a killer bee.

Vanquished Creatures
  A troll (D:8)
  2 hungry ghosts (D:8)
  A wolf (D:8)
  A necrophage (D:7)
  2 ice beasts
  2 phantoms
  4 ogres
  2 sky beasts
  3 giant frogs
  A scorpion (D:4)
  3 electric eels (D:8)
  5 killer bees (D:9)
  5 wights (D:6)
  The ghost of archdevil the Vexing, a weakling DsEn (D:4)
  3 jellies
  2 goliath beetles (D:6)
  2 centaur zombies
  An orc priest (D:3)
  An orc wizard (D:3)
  2 crimson imps (D:5)
  An iguana (D:7)
  5 hounds
  A killer bee zombie (D:5)
  5 worker ants
  Ijyb (D:3)
  A hound zombie (D:7)
  14 adders
  4 gnolls (D:3)
  2 shadow imps
  An adder skeleton (D:4)
  2 oozes
  13 orcs
  2 bat zombies
  10 giant cockroaches
  21 goblins
  11 hobgoblins
  2 ball pythons
  13 bats
  4 giant geckos
  A giant gecko skeleton (D:4)
  9 giant newts
  8 jackals
  18 kobolds
  3 quokkas
  A quokka skeleton (D:6)
  14 rats
  2 ballistomycetes (D:8)
213 creatures vanquished.

Vanquished Creatures (others)
  A centaur (D:7)
  An ogre (D:7)
  A goblin (D:7)
  A jackal (D:8)
  A kobold (D:7)
  A giant spore (D:8)
6 creatures vanquished.

Grand Total: 219 creatures vanquished

Notes
Turn   | Place    | Note
--------------------------------------------------------------
     0 | D:1      | hellfiend, the Demonspawn Enchanter, began the quest for the Orb.
     0 | D:1      | Reached XP level 1. HP: 13/13 MP: 3/3
    40 | D:1      | Reached skill level 1 in Short Blades
   140 | D:1      | Gained mutation: You have sharp fingernails. [demonic ancestry]
   140 | D:1      | Reached XP level 2. HP: 10/19 MP: 1/4
   463 | D:1      | Learned a level 2 spell: Sure Blade
   769 | D:2      | Gained mutation: You are slightly more attuned to the shadows. [demonic ancestry]
   769 | D:2      | Reached XP level 3. HP: 10/24 MP: 0/6
  1121 | D:2      | Learned a level 3 spell: Confuse
  1244 | D:2      | Reached XP level 4. HP: 30/30 MP: 3/7
  1518 | D:3      | Found a white marble altar of Elyvilon.
  1519 | D:3      | Found a glowing silver altar of Zin.
  1520 | D:3      | Found a glowing golden altar of the Shining One.
  1574 | D:3      | Found a sacrificial altar of Ru.
  1785 | D:2      | HP: 1/30 [jackal (3)]
  1998 | D:3      | Reached skill level 4 in Hexes
  2165 | D:3      | Gained mutation: You have a pair of small antennae on your head. [demonic ancestry]
  2165 | D:3      | Reached XP level 5. HP: 4/35 MP: 6/9
  2725 | D:4      | Found a sparkling altar of Nemelex Xobeh.
  2769 | D:4      | Noticed archdevil's ghost (weakling DsEn)
  3009 | D:4      | Gained mutation: You are significantly more attuned to the shadows. [demonic ancestry]
  3009 | D:4      | Reached XP level 6. HP: 41/41 MP: 7/11
  3316 | D:4      | Killed archdevil's ghost
  3805 | D:3      | Noticed Ijyb
  3942 | D:3      | Killed Ijyb
  4212 | D:5      | Entered Level 5 of the Dungeon
  4336 | D:5      | Reached skill level 5 in Hexes
  4336 | D:5      | Gained mutation: You have very sharp fingernails. [demonic ancestry]
  4336 | D:5      | Reached XP level 7. HP: 37/46 MP: 8/14
  4524 | D:5      | Learned a level 2 spell: Ensorcelled Hibernation
  4559 | D:5      | Found a radiant altar of Vehumet.
  4603 | D:5      | Reached skill level 5 in Stealth
  4667 | D:5      | Got a spiked cloak
  4673 | D:5      | Identified the cursed -5 cloak of Indecent Exposure {+Inv rElec} (You found it on level 5 of the Dungeon)
  4799 | D:6      | Found a shadowy altar of Dithmenos.
  5059 | D:6      | Found an iron altar of Okawaru.
  5065 | D:6      | Became a worshipper of Warmaster Okawaru
  5098 | D:6      | Reached XP level 8. HP: 52/52 MP: 16/16
  5268 | D:6      | Found a basalt altar of Yredelemnul.
  5696 | D:6      | Reached skill level 6 in Hexes
  5758 | D:6      | Found a staircase to the Ecumenical Temple.
  5773 | Temple   | Entered the Ecumenical Temple
  6108 | D:7      | Reached skill level 5 in Short Blades
  6220 | D:7      | Found a deep blue altar of Sif Muna.
  6264 | D:7      | Found a shimmering altar of Xom.
  6498 | D:7      | Acquired Okawaru's first power
  6994 | D:8      | Gained mutation: Your flesh is heat resistant. [demonic ancestry]
  6994 | D:8      | Reached XP level 9. HP: 57/57 MP: 17/20
  7121 | D:8      | Reached skill level 7 in Hexes
  7178 | D:8      | Found a staircase to the Lair.
  7184 | D:8      | Noticed a troll
  7215 | D:8      | Killed a troll
  7224 | D:8      | HP: 1/57 [hound (6)]
  7332 | D:8      | Found a snail-covered altar of Cheibriados.
  7565 | D:9      | HP: 2/57 [ogre/giant club (24)]
  7620 | D:9      | HP: 2/57 [killer bee (5)]
  7634 | D:9      | Slain by a killer bee

Action                   |  1- 3 |  4- 6 |  7- 9 || total
-------------------------+-------+-------+-------++-------
Melee: Dagger            |   153 |   282 |   321 ||   756
       Blowgun           |       |     2 |       ||     2
 Fire: Blowgun           |       |    49 |    15 ||    64
 Cast: Corona            |    44 |    56 |     3 ||   103
       Sure Blade        |     6 |     8 |     1 ||    15
       Confuse           |       |    21 |    44 ||    65
       Ensorcelled Hiber |       |       |    23 ||    23
  Use: Scroll            |       |    10 |     5 ||    15
       Potion            |       |     2 |     4 ||     6
 Stab: Sleeping          |     2 |     7 |    37 ||    46
       Confused          |       |     9 |    22 ||    31
       Distracted        |       |       |     1 ||     1
  Eat: Chunk             |     2 |    13 |    13 ||    28
       Fruit             |       |     1 |     1 ||     2
